 Seeded DCSS version 0.31-a0-889-g1a8549509d (webtiles) character file.

Game seed: 17394382119787541150 (custom seed)

5756 GigaChad the Cleaver (level 11, -8/67 HPs) *EXPLORE*
             Began as a Kobold Fighter on Oct 16, 2023.
             Was an Initiate of Gozag.
             Mangled by an orc
             ... wielding a +1 halberd of flaming
              (10 damage)
             ... on level 9 of the Dungeon.
             The game lasted 00:09:06 (9109 turns).

GigaChad the Cleaver (Kobold Fighter)               Turns: 9109, Time: 00:09:08

Health: -8/67      AC: 16    Str: 18    XL:     11   Next: 6%
Magic:  11/11      EV:  9    Int:  9    God:    Gozag
Gold:   662        SH:  6    Dex: 15    Spells: 10/10 levels left

rFire   . . .        a - +0 war axe (spect)
rCold   . . .        c - +1 buckler
rNeg    . . .        r - +3 plate armour
rPois   .            (no helmet)
rElec   .            t - +0 cloak
rCorr   .            (no gloves)
SInv    .            (no boots)
Will    .....        (no amulet) Stlth
                     (no ring)
HPRegen 0.31/turn    (no ring)
MPRegen 0.12/turn

%: no passive effects
@: gold aura
A: small, no large weapons, nightstalker 3
a: Renounce Religion, Potion Petition, Call Merchant, Bribe Branch


You were on level 9 of the Dungeon.
You worshipped Gozag.
Gozag was pleased with you.
You visited 2 branches of the dungeon, and saw 10 of its levels.

You collected 817 gold pieces.
You paid 155 gold pieces to Gozag.

Inventory:

Hand Weapons
 a - a +0 spectral war axe (weapon)
 q - a +2 hammer of holy wrath
 x - a +0 war axe of flaming
Armour
 c - a +1 buckler (worn)
 r - a +3 plate armour (worn)
 t - a +0 cloak (worn)
Jewellery
 f - a ring of resist corrosion
 m - a ring of fire
 n - an amulet of reflection
 v - an amulet of faith
Wands
 b - a wand of polymorph (19)
 l - a wand of flame (36)
 p - a wand of mindburst (8)
 u - a wand of charming (4)
Scrolls
 e - 3 scrolls of teleportation
 i - 7 scrolls of identify
 j - a scroll of fog
 s - 6 scrolls of fear
 y - a scroll of silence {unknown}
Potions
 d - 3 potions of might
 g - 5 potions of curing {unknown}
 h - 3 potions of lignification {unknown}
 k - a potion of degeneration {unknown}
 o - 2 potions of brilliance {unknown}
 w - a potion of cancellation {unknown}
 z - a potion of ambrosia {unknown}


   Skills:
 * Level 7.2 Fighting
 * Level 8.2 Axes
 * Level 5.5 Armour
 * Level 5.2 Dodging
 * Level 6.7 Stealth
 * Level 4.5 Shields
 * Level 5.6 Evocations


You had 10 spell levels left.
You didn't know any spells.
Your spell library contained the following spells:

 Spells                   Type           Power      Damage    Failure   Level
 Apportation              Tloc           0%         N/A       100%        1
 Jinxbite                 Hex            0%         N/A       100%        2
 Static Discharge         Conj/Air       0%         2-2/arc   100%        2
 Summon Guardian Golem    Hex/Summ       0%         N/A       100%        3
 Airstrike                Air            0%         2d(0-16)  100%        4
 Summon Lightning Spire   Summ/Air       0%         N/A       100%        4
 Alistair's Intoxication  Tmut/Pois      0%         N/A       100%        5
 Spellforged Servitor     Conj/Summ      0%         N/A       100%        7
 Summon Hydra             Summ           0%         N/A       100%        7


Dungeon Overview and Level Annotations

Branches:
Dungeon (9/15)             Temple (1/1) D:5            Lair (0/5) D:9
    Orc: D:9-12

Altars:
Ashenzari
Cheibriados
Dithmenos
Fedhas
Gozag
Hepliaklqana
Kikubaaqudgha
Makhleb
Qazlal
Ru
Sif Muna
Trog
Uskayaw
Vehumet
Wu Jian
Xom
Yredelemnul
Zin
The Shining One

Shops:
D:8 *!


Innate Abilities, Weirdness & Mutations

You are small and have problems with some larger weapons.
You are completely attuned to the shadows.


Message History

You closely miss the orc priest.
The orc priest is lightly wounded.
Your +0 spectral war axe closely misses the orc priest.
The orc hits you from afar with a +1 halberd of flaming.
The orc burns you.
* * * LOW HITPOINT WARNING * * *
You block the orc priest's attack.
The orc priest barely misses your +0 spectral war axe.
The orc hits you from afar with a +1 halberd of flaming.
* * * LOW HITPOINT WARNING * * *
The orc burns you.
* * * LOW HITPOINT WARNING * * *
The orc priest barely misses you.
The orc priest barely misses your +0 spectral war axe.
You slash the orc priest!
You kill the orc priest!
Your +0 spectral war axe disappears.
The orc throws a stone.
You block the stone.
Unknown command.
The orc attacks as it pursues you!
The orc hits you from afar with a +1 halberd of flaming.
* * * LOW HITPOINT WARNING * * *
The orc burns you.
* * * LOW HITPOINT WARNING * * *
Things that are here:
35 gold pieces; a +0 war axe The orc throws a stone.
You block the stone.
Unknown command.
The orc throws a stone.
The stone barely misses you.
Things that are here:
35 gold pieces; a +0 war axe The orc misses you.
The orc barely misses you.
The orc hits you with a +1 halberd of flaming!
* * * LOW HITPOINT WARNING * * *
The orc burns you.
* * * LOW HITPOINT WARNING * * *
The orc hits you with a +1 halberd of flaming!
You die...
Your body crumbles into a pile of gold.

#.############.#
#.......$.$.$#.##
#####....$$.$....
#.######$#.. #.#
#)#.# #.# ##.#.#
####....#
.....#o.#
###..@## ##$####
#..... ######


You could see an orc.

Vanquished Creatures
  Pikel (D:6)
  Joseph (D:8)
  A hornet (D:8)
  A wyvern (D:9)
  9 yaks (D:9)
  2 water moccasins (D:8)
  A black bear (D:6)
  A sky beast (D:6)
  6 orc warriors
  2 ice beasts (D:7)
  An ogre (D:8)
  2 phantoms
  A lemure (D:6)
  3 bullfrogs
  2 gnoll sergeants
  3 wights (D:8)
  3 scorpions
  10 killer bees
  A howler monkey (D:6)
  Crazy Yiuf (D:6)
  The ghost of FelidMonkisViable the Ducker, a weakling FeMo (D:3)
  A hound (D:5)
  A jelly (D:7)
  6 orc priests
  Terence (D:2)
  Ijyb (D:5)
  Natasha (thrice) (D:2)
  3 iguanas (D:5)
  5 orc wizards
  5 adders
  8 gnolls
  A river rat (D:3)
  A hound simulacrum (D:3)
  2 worms
  2 dart slugs
  47 orcs
  A bat (D:1)
  3 endoplasms
  5 giant cockroaches
  2 goblins
  6 hobgoblins
  2 kobolds
  7 ball pythons
  2 ball python simulacra (D:3)
  4 frilled lizards
  A quokka simulacrum (D:3)
  8 rats
181 creatures vanquished.

Notes
Turn   | Place    | Note
-------+----------+-------------------------------------------
     0 | D:1      | GigaChad the Kobold Fighter began the quest for the Orb.
     0 | D:1      | Reached XP level 1. HP: 14/14 MP: 1/1
    12 | D:1      | Entered explore mode.
   144 | D:1      | Found a faded altar of an unknown god.
   317 | D:1      | Reached XP level 2. HP: 19/19 MP: 2/2
   551 | D:1      | Reached skill level 2 in Axes
  1178 | D:2      | Reached XP level 3. HP: 19/23 MP: 3/3
  1319 | D:2      | Noticed Natasha
  1326 | D:2      | Killed Natasha
  1327 | D:2      | Reached skill level 1 in Stealth
  1488 | D:2      | Reached XP level 4. HP: 28/28 MP: 4/4
  1545 | D:2      | Noticed Terence
  1547 | D:2      | Noticed Natasha
  1551 | D:2      | HP: 1/29 [Natasha/puff of flame (9)]
  1553 | D:2      | Killed Natasha
  1554 | D:2      | Slain by Terence
                  | ... wielding a +0 hand axe
                  | (4 damage)
  1557 | D:2      | Killed Terence
  1558 | D:2      | Reached XP level 5. HP: 32/33 MP: 5/5
  1712 | D:2      | Noticed Natasha
  1718 | D:2      | Killed Natasha
  1719 | D:2      | Reached skill level 3 in Axes
  1935 | D:3      | Identified the "Ahais Lia"
  1975 | D:3      | Identified the +4 leather armour of the Moon {rElec Str-2
                  | Int+5 Stlth+}
  2167 | D:3      | Killed from afar by an orc wizard (7 damage)
                  | ... with a magic dart
  2168 | D:3      | Reached skill level 1 in Dodging
  2170 | D:3      | Reached XP level 6. HP: 37/38 MP: 6/6
  2317 | D:3      | Found a runed translucent gate.
  2321 | D:3      | Found a runed translucent gate.
  2322 | D:3      | Found a runed translucent gate.
  2372 | D:3      | Found an ancient bone altar of Kikubaaqudgha.
  2509 | D:3      | Found a glowing drain.
  2600 | D:3      | Reached skill level 1 in Evocations
  2610 | D:3      | Noticed FelidMonkisViable's ghost (weakling FeMo)
  2617 | D:3      | Killed FelidMonkisViable's ghost
  3471 | D:5      | Entered Level 5 of the Dungeon
  3647 | D:5      | Found a staircase to the Ecumenical Temple.
  3720 | Temple   | Entered the Ecumenical Temple
  3764 | D:5      | Reached XP level 7. HP: 43/43 MP: 7/7
  3814 | D:5      | Reached skill level 4 in Axes
  4044 | D:5      | Noticed Ijyb
  4093 | D:5      | HP: 1/44 [Ijyb/+0 club (4)]
  4094 | D:5      | Slain by Ijyb
                  | ... wielding a +0 club
                  | (4 damage)
  4100 | D:5      | Killed Ijyb
  4470 | D:5      | Found a stormy altar of Qazlal.
  4470 | D:5      | Found a hide-covered altar of Uskayaw.
  4898 | D:6      | Reached XP level 8. HP: 47/48 MP: 8/8
  4916 | D:6      | HP: 1/48 [poisoned by a killer bee]
  4917 | D:6      | Succumbed to a killer bee's poison
  4933 | D:6      | Reached skill level 5 in Fighting
  4974 | D:6      | Reached skill level 5 in Axes
  5018 | D:6      | Noticed Pikel
  5029 | D:6      | Killed Pikel
  5030 | D:6      | Reached XP level 9. HP: 13/54 MP: 9/9
  5292 | D:6      | Found a runed translucent door.
  5295 | D:6      | Noticed Crazy Yiuf
  5299 | D:6      | Killed Crazy Yiuf
  5479 | D:7      | Found a shimmering altar of Xom.
  5952 | D:7      | Reached skill level 6 in Axes
  6453 | D:8      | Found Xesa's Distillery.
  6476 | D:8      | Reached skill level 5 in Stealth
  6476 | D:8      | HP: 2/55 [gnoll sergeant/+3 spear of venom (3)]
  6477 | D:8      | Succumbed to a gnoll sergeant's poison
  7015 | D:8      | Found an opulent altar of Gozag.
  7027 | D:8      | Slain by a wight
                  | ... wielding a +4 halberd
                  | (14 damage)
  7033 | D:8      | Slain by a wight
                  | ... wielding a +4 halberd
                  | (14 damage)
  7037 | D:8      | Reached XP level 10. HP: 39/60 MP: 10/10
  7059 | D:8      | Became a worshipper of Gozag Ym Sagoz the Greedy
  7116 | D:8      | Paralysed by a hornet for 1 turns
  7122 | D:8      | HP: 3/60 [poisoned by a hornet]
  7123 | D:8      | Succumbed to a hornet's poison
  7201 | D:8      | Found Agul's Serpentskin Sales.
  7209 | D:8      | Reached skill level 7 in Axes
  7576 | D:8      | Found a shadowy altar of Dithmenos.
  7681 | D:8      | Noticed Joseph
  7696 | D:8      | Killed Joseph
  7697 | D:8      | Reached skill level 5 in Armour
  8206 | D:9      | Found a staircase to the Lair.
  8243 | D:9      | Reached skill level 5 in Evocations
  8768 | D:9      | Slain by a yak (13 damage)
  8783 | D:9      | Reached skill level 5 in Dodging
  8963 | D:9      | Reached skill level 8 in Axes
  8964 | D:9      | Slain by a yak (10 damage)
  9066 | D:9      | Reached XP level 11. HP: 42/67 MP: 11/11
  9108 | D:9      | HP: 2/67 [orc/+1 halberd of flaming (4)]
  9109 | D:9      | Mangled by an orc

Illustrated notes

Levels and vault maps discovered:
D:1:      eino_arrival_tree_alley, layout_basic, shapermc_ecumenical_altar_gd
D:2:      layout_loops_ring, uniq_natasha, uniq_terence
D:3:      layout_rooms, kiku_gazebo_garden_becter, portal_sewer_entry_b,
          gammafunk_ghost_icy
D:4:      layout_gridville
D:5:      layout_basic, jmf_multi_god_temple, minmay_temple_entry_butterflies,
          uniq_ijyb
D:6:      layout_rooms, uniq_pikel, uniq_crazy_yiuf_cottage
D:7:      layout_gridville, mainiacjoe_overflow_surrounded_room,
          kennysheep_crisscross
D:8:      layout_basic, nicolae_gozag_cash_rules_everything_around_me,
          nicolae_dithmenos_the_darkroom, special_room [special_room_orc],
          serial_shops, shop, guppyfry_shop_venom, uniq_joseph
D:9:      layout_loops_ring, mainiacjoe_overflow_chevrons, lair_entry_dummy,
          enter_bailey_2
Temple:   nicolae_temple_god_jail

Skill      XL: |  1  2  3  4  5  6  7  8  9 10 |
---------------+-------------------------------+-----
Axes           | 2 3 4 5 6 8 |  8.2
Stealth        | 1 2 3 4 5 6 |  6.7
Armour         | 3 4 5 |  5.5
Fighting       | 4 5 6 7 |  7.2
Dodging        | 1 2 3 4 5 |  5.2
Evocations     | 1 2 3 4 5 |  5.6
Shields        | 3 4 |  4.5

Action                     |  1- 3 |  4- 6 |  7- 9 | 10-12 || total
---------------------------+-------+-------+-------+-------++-------
  Melee: War axe           |    59 |    84 |   180 |   270 ||   593
         Unarmed           |       |       |    52 |       ||    52
    Use: Scroll            |       |     5 |     8 |       ||    13
   Stab: Sleeping          |     2 |     7 |       |       ||     9
         Distracted        |       |       |     2 |     2 ||     4
 Armour: Scale mail        |    24 |    68 |     6 |       ||    98
         Plate armour      |       |       |   161 |   166 ||   327
         Skin              |       |       |    12 |     8 ||    20
  Dodge: Dodged            |    36 |    37 |    96 |    95 ||   264
  Block: Buckler           |     6 |    25 |    63 |    60 ||   154

Table legend: (Time is in decaauts)
 A = Elapsed time spent in this place.
 B = Non-inter-level travel time spent in this place.
 C = Inter-level travel time spent in this place.
 D = Time resting spent in this place.
 E = Time spent auto-exploring this place.
 F = Levels seen in this place.
 G = Mean time per level.
                   A        B        C        D        E       F      G
               +--------+--------+--------+--------+--------+-----+--------+
         Total |   9265 |   8912 |    353 |     82 |   7411 |  10 |  926.5 |
       Dungeon |   9256 |   8907 |    349 |     82 |   7411 |   9 | 1028.4 |
        Temple |      9 |      5 |      4 |      0 |      0 |   1 |    9.0 |
               +--------+--------+--------+--------+--------+-----+--------+

Top non-repeatable levels by time:
     D:8: 1671 daAuts
     D:5: 1285 daAuts
     D:1: 1173 daAuts
     D:7: 1034 daAuts
     D:9: 952 daAuts
     D:3: 870 daAuts
     D:2: 799 daAuts
     D:6: 775 daAuts
     D:4: 692 daAuts
  Temple: 9 daAuts
